 Dungeon Crawl Stone Soup version 0.28-a0-230-g086cc6695f (webtiles) character file.

Game seed: 8075805863494127936

28 PentaManta the Ruffian (level 3, -1/31 HPs)
             Began as a Ghoul Monk on Aug 22, 2021.
             Slain by Natasha (5 damage)
             ... on level 2 of the Dungeon.
             The game lasted 00:02:49 (1293 turns).

PentaManta the Ruffian (Ghoul Monk)                 Turns: 1293, Time: 00:02:49

Health: -1/31      AC:  5    Str: 15    XL:     3   Next: 14%
Magic:  2/2        EV: 11    Int:  5    God:
Gold:   77         SH:  3    Dex: 11    Spells: 2/2 levels left

rFire   + . .      SeeInvis .     - Unarmed
rCold   + . .      Faith    .   c - +0 buckler
rNeg    + + +      Spirit   .   a - +0 robe
rPois   ∞          Reflect  .   f - +1 helmet
rElec   .          Harm     .   (no cloak)
rCorr   .          Rampage  .   (no gloves)
Will    .....                   b - +0 pair of boots
Stlth   ++........              (no amulet)
HPRegen 0.00/turn               h - ring of protection from fire
MPRegen 0.08/turn               (no ring)

@: inhibited regen, slowed, very slow
A: claws 1, cold resistance 1, negative energy resistance 3, inhibited
regeneration, torment resistance 2
a: no special abilities


You were on level 2 of the Dungeon.
You visited 1 branch of the dungeon, and saw 2 of its levels.

You collected 77 gold pieces.

Inventory:

Armour
 a - a +0 robe (worn)
 b - a +0 pair of boots (worn)
 c - a +0 buckler (worn)
 f - a +1 helmet (worn)
Jewellery
 h - a ring of protection from fire (left claw)
Scrolls
 e - a scroll of acquirement


   Skills:
 - Level 3.2 Fighting
 - Level 2.6 Dodging
 - Level 2.1 Stealth
 + Level 1.1 Shields
 * Level 4.2 Unarmed Combat


You had 2 spell levels left.
You didn't know any spells.
Your spell library contained the following spells:

 Spells                   Type           Power      Damage    Failure   Level
 Blink                    Tloc           N/A        N/A       75%         2
 Slow                     Hex            0%         N/A       75%         2
 Confusing Touch          Hex            0%         N/A       92%         3
 Vampiric Draining        Necr           0%         2d6       92%         3
 Manifold Assault         Tloc           0%         N/A       100%        5
 Storm Form               Tmut/Air       Unusable   N/A       N/A         7

Dungeon Overview and Level Annotations

Branches:
Dungeon (2/15)

Altars:

Shops:
D:2 (([

Annotations:
D:2 Natasha


Innate Abilities, Weirdness & Mutations

You thrive by killing the living.
You are immune to poison.
You have sharp fingernails.
Your flesh is cold resistant. (rC+)
You are immune to negative energy. (rN+++)
You do not regenerate when monsters are visible.
You are immune to unholy pain and torment.


Message History

Natasha mumbles some strange words.
You scratch Natasha.
Natasha is moderately wounded.
The endoplasm freezes you.
You are frozen.
You resist. You block Natasha's attack.
The crimson imp hits you but does no damage.
You closely miss Natasha.
Natasha is moderately wounded.
The endoplasm barely misses you. Natasha closely misses you.
The crimson imp barely misses you.
You scratch Natasha.
Natasha is heavily wounded.
The endoplasm hits you but does no damage.
Natasha claws you!
The crimson imp blinks!
You barely miss Natasha.
Natasha is heavily wounded.
The endoplasm hits you but does no damage.
Natasha casts a spell at you.
You feel yourself slow down. The crimson imp closely misses you.
You aren't carrying any potions.
As you read the scroll labelled XEXIATS ETUGGU, it crumbles to dust.
It is a scroll of identify.
e - a scroll of acquirement The endoplasm freezes you.
You are frozen.
You resist.
Natasha stares at you and mumbles some strange words.
You feel as though you will be slow longer.
The crimson imp closely misses you.
As you read the scroll labelled TOGRIBL HIAC, it crumbles to dust.
The creatures around you are filled with an inner flame!
It was a scroll of immolation.
The endoplasm freezes you.
You are frozen.
You resist.
Natasha stares at you and mumbles some strange words.
The magic dart hits you.
* * * LOW HITPOINT WARNING * * *
The crimson imp blinks!
The endoplasm freezes you.
You are frozen.
You resist. Natasha claws you.
You die...

....#.#..##.###.##
...###.##.##.#....#
.# #. #...).....#
##.##.#.......#
#.....#†......#
#.......⌠.⌠####
##........∩...#
#......§.⌠.⌠#.#
.......J@.5##.#
^##.$..h#### #
#.....r. #.......#
#.......# ##.....##
#...... #.##8#.


You could see Natasha (inner flame), a crimson imp (summoned, inner flame), an
endoplasm (inner flame) and a rat (inner flame).

Vanquished Creatures
  4 endoplasms
  A giant cockroach (D:1)
  4 goblins (D:1)
  6 hobgoblins
  A quokka (D:1)
  5 ball pythons
  A bat (D:1)
  2 kobolds
  A rat (D:1)
25 creatures vanquished.

Notes
Turn   | Place    | Note
-------+----------+-------------------------------------------
     0 | D:1      | PentaManta the Ghoul Monk began the quest for the Orb.
     0 | D:1      | Reached XP level 1. HP: 19/19 MP: 0/0
   452 | D:1      | Reached XP level 2. HP: 16/26 MP: 1/1
   846 | D:1      | Reached skill level 4 in Unarmed Combat
   916 | D:1      | Reached skill level 1 in Shields
  1142 | D:2      | Found Yjommaec's Weapon Boutique.
  1186 | D:2      | Found Hiny's Weapon Emporium.
  1197 | D:2      | Reached XP level 3. HP: 28/31 MP: 2/2
  1255 | D:2      | Found Owuzy's Antique Armour Boutique.
  1281 | D:2      | Noticed Natasha
  1292 | D:2      | Identified a scroll of acquirement
  1293 | D:2      | Slain by Natasha

Illustrated notes

Levels and vault maps discovered:
D:1:      lightli_arrival_boilingwater, layout_loops_ring, lemuel_old_faithful
D:2:      layout_rooms, serial_shops, nicolae_shop_trees, shop_fountains, shop,
          shop, nicolae_shop_statue_plus, basic_altar,
          kennysheep_cross_bottleneck, uniq_natasha, uniq_jessica

Skill      XL: |  1  2 |
---------------+-------+-----
Unarmed Combat | 4 |  4.2
Shields        | 1 |  1.1
Fighting       | |  3.2
Dodging        | |  2.6
Stealth        | |  2.1

Action                   || total
-------------------------++-------
Melee: Unarmed           ||   100
  Use: Scroll            ||     2
 Stab: Sleeping          ||     6
Armor: Robe              ||    21
Dodge: Dodged            ||    49
Block: Buckler           ||     6

Table legend: (Time is in decaauts)
 A = Elapsed time spent in this place.
 B = Non-inter-level travel time spent in this place.
 C = Inter-level travel time spent in this place.
 D = Time resting spent in this place.
 E = Time spent auto-exploring this place.
 F = Levels seen in this place.
 G = Mean time per level.
                   A        B        C        D        E       F      G
               +--------+--------+--------+--------+--------+-----+--------+
         Total |   1307 |   1276 |     31 |      0 |    984 |   2 |  653.5 |
       Dungeon |   1307 |   1276 |     31 |      0 |    984 |   2 |  653.5 |
               +--------+--------+--------+--------+--------+-----+--------+

Top non-repeatable levels by time:
     D:1: 1169 daAuts
     D:2: 138 daAuts
